 Dungeon Crawl Stone Soup version 0.30-a0-1018-g25214051b3 (webtiles) character file.

Game seed: 14235521735912187050

931 gelatine the Chopper (level 7, -2/55 HPs)
             Began as a Demonspawn Fighter on Apr 7, 2023.
             Killed by divine providence
             ... invoked by an orc priest
              (10 damage)
             ... on level 4 of the Dungeon.
             The game lasted 00:09:23 (3744 turns).

gelatine the Chopper (Demonspawn Fighter)           Turns: 3744, Time: 00:09:23

Health: -2/55      AC:  7    Str: 19    XL:     7   Next: 86%
Magic:  7/7        EV: 10    Int:  9    God:
Gold:   210        SH: 11    Dex: 12    Spells: 6/6 levels left

rFire   + . .      SeeInvis .    a - +0 war axe
rCold   . . .      Faith    .    c - +0 buckler
rNeg    . . .      Spirit   .    x - +1 ring mail {rF+}
rPois   +          Reflect  .    (no helmet)
rElec   .          Rampage  .    (no cloak)
rCorr   .                        (no gloves)
Will    .....                    (no boots)
Stlth   +                        (no amulet)
HPRegen 0.29/turn                e - ring of poison resistance
MPRegen 0.10/turn                s - ring of flight

@: flying
A: hooves 2, large bone plates 2
a: no special abilities


You were on level 4 of the Dungeon.
You visited 1 branch of the dungeon, and saw 7 of its levels.

You collected 210 gold pieces.

Inventory:

Hand Weapons
 a - a +0 war axe (weapon)
Armour
 c - a +0 buckler (worn)
 x - a +1 ring mail of fire resistance (worn)
Jewellery
 e - a ring of poison resistance (left hand)
 k - a ring of fire
 s - a ring of flight (right hand)
 v - a ring of resist corrosion
Wands
 p - a wand of mindburst (12)
 q - a wand of flame (24)
Scrolls
 g - 4 scrolls of magic mapping {unknown}
 l - 4 scrolls of teleportation {unknown}
 r - a scroll of blinking {unknown}
 u - a scroll of brand weapon {unknown}
Potions
 d - a potion of attraction
 f - 4 potions of curing
 h - a potion of mutation
 m - a potion of brilliance {unknown}
 n - a potion of lignification {unknown}
 o - a potion of resistance {unknown}
 t - a potion of haste {unknown}
 w - a potion of flight {unknown}


   Skills:
 * Level 4.4 Fighting
 + Level 5.1 Axes
 + Level 1.9 Throwing
 * Level 4.5 Armour
 * Level 1.9 Dodging
 + Level 0.1 Stealth
 * Level 4.1 Shields


You had 6 spell levels left.
You didn't know any spells.
Your spell library contained the following spells:

 Spells                   Type           Power      Damage    Failure   Level
 Magic Dart               Conj           0%         1d3       65%         1
 Sandblast                Erth           0%         2d4       65%         1
 Blink                    Tloc           0%         N/A       80%         2
 Call Imp                 Summ           0%         N/A       80%         2
 Lesser Beckoning         Tloc           0%         N/A       80%         2
 Momentum Strike          Conj/Tloc      0%         3d8       80%         2
 Passwall                 Tmut/Erth      0%         N/A       80%         2
 Mephitic Cloud           Conj/Pois/Air  0%         N/A       95%         3
 Ozocubu's Armour         Ice            0%         N/A       95%         3
 Stone Arrow              Conj/Erth      0%         3d7       95%         3
 Tukima's Dance           Hex            0%         N/A       95%         3
 Passage of Golubria      Tloc           0%         N/A       100%        4
 Yara's Violent Unravell  Hex/Tmut       0%         3d3       100%        5
 Ozocubu's Refrigeration  Ice            0%         4d7       100%        7


Dungeon Overview and Level Annotations

Branches:
Dungeon (7/15)
 Temple: D:4-7

Altars:
Ashenzari
Uskayaw
Vehumet
Wu Jian


Innate Abilities, Weirdness & Mutations

You have hoof-like feet.
You are mostly covered in large bone plates. (SH +6)


Message History

The orc priest barely misses you.
The ball python hisses angrily.
You slash the orc priest! You kick the orc priest.
The orc priest is almost dead.
You barely miss the orc priest.
The orc priest invokes the aid of Beogh against you.
Pain shoots through your body! You block the orc priest's attack.
You closely miss the orc priest.
You kick the orc priest, but do no damage.
The orc priest is almost dead.
You completely miss the orc priest. You barely miss the orc.
The orc priest hits you with a +0 short sword.
You block the orc's attack.
The orc priest hits you with a +0 dagger.
You hit the orc priest.
You kill the orc priest!
You hit the orc.
You hit the orc priest but do no damage.
The orc hits you but does no damage.
The orc priest hits you with a +0 dagger.
You block the orc priest's attack. The gnoll hits you but does no damage.
You block the orc's attack.
You slash the orc priest! Your kick misses the orc priest.
The orc priest is severely wounded.
You hit the orc. You slash the gnoll!
The orc priest mumbles some strange prayers to Beogh against you.
Pain shoots through your body! The gnoll hits you with a +0 spear.
The orc hits you with a +0 hand axe.
Unknown command.
You hit the orc priest. Your kick misses the orc priest.
The orc priest is almost dead.
You closely miss the gnoll. You closely miss the orc.
You block the orc's attack. The gnoll hits you with a +0 spear.
The orc priest invokes the aid of Beogh against you.
Pain shoots through your body!
* * * LOW HITPOINT WARNING * * *
The gnoll attacks as you move away! The gnoll hits you but does no damage.
The orc priest calls down the wrath of Beogh upon you.
Beogh smites you!
You die...

#..#..##
####.##.###
#.<...###
#........#
##.#.[..##
#........##
#.##....###
#..........
#. ##.#...#
#........##
#. #..##..#
#####..###
#. ##..##.#
#....#
##..# .#
##.#.#
##@## #
#.#.## #oo#
#....#
......#)g#
##.#..
....#.##S(.
#.### #.#
#. ##(..
#.### # ##
.##.# #.##.
# . ##....
#.....
......


You could see an orc priest, a gnoll, an orc and a ball python.

Vanquished Creatures
  Sigmund (D:2)
  A sky beast (D:7)
  A black bear (D:6)
  A centaur (D:7)
  A scorpion (D:4)
  3 hounds
  An orc priest (D:4)
  An iguana (D:7)
  2 sleepcaps (D:7)
  14 gnolls
  2 adders
  A shadow imp (D:6)
  3 ufetubi
  A worm (D:3)
  2 dart slugs
  7 orcs
  7 bats
  8 endoplasms
  2 giant cockroaches
  A goblin (D:2)
  8 hobgoblins
  A jackal (D:4)
  5 quokkas
  3 ball pythons
  5 frilled lizards
  2 kobolds
  6 rats
  A bush (D:1)
91 creatures vanquished.

Vanquished Creatures (others)
  3 plants (D:1)
3 creatures vanquished.

Grand Total: 94 creatures vanquished

Notes
Turn   | Place    | Note
-------+----------+-------------------------------------------
     0 | D:1      | gelatine the Demonspawn Fighter began the quest for the
                  | Orb.
     0 | D:1      | Reached XP level 1. HP: 18/18 MP: 1/1
   164 | D:1      | Gained mutation: You have large cloven feet. [demonic
                  | ancestry]
   164 | D:1      | Reached XP level 2. HP: 22/24 MP: 2/2
   241 | D:1      | Reached skill level 2 in Axes
   824 | D:2      | Found a hide-covered altar of Uskayaw.
   960 | D:2      | Reached XP level 3. HP: 29/29 MP: 3/3
  1111 | D:2      | Noticed Sigmund
  1120 | D:2      | Killed Sigmund
  1121 | D:2      | Reached skill level 3 in Axes
  1121 | D:2      | Reached skill level 1 in Dodging
  1121 | D:2      | Gained mutation: You are partially covered in large bone
                  | plates. (SH +4) [demonic ancestry]
  1121 | D:2      | Reached XP level 4. HP: 22/37 MP: 4/4
  1121 | D:2      | Gained mutation: You have hoof-like feet. [demonic
                  | ancestry]
  1121 | D:2      | Reached XP level 5. HP: 25/42 MP: 5/5
  1771 | D:3      | Found a radiant altar of Vehumet.
  2134 | D:3      | Found an ornate altar of the Wu Jian Council.
  2214 | D:3      | Reached XP level 6. HP: 41/48 MP: 6/6
  2619 | D:4      | You fall into a shaft and drop 3 floors!
  2668 | D:7      | Reached skill level 1 in Throwing
  2847 | D:7      | Reached skill level 4 in Axes
  2914 | D:7      | Noticed a sky beast
  2931 | D:7      | Killed a sky beast
  2932 | D:7      | Gained mutation: You are mostly covered in large bone
                  | plates. (SH +6) [demonic ancestry]
  2932 | D:7      | Reached XP level 7. HP: 33/54 MP: 7/7
  3279 | D:5      | Entered Level 5 of the Dungeon
  3296 | D:5      | Noticed a yak
  3491 | D:4      | Found a broken altar of Ashenzari.
  3582 | D:4      | Reached skill level 5 in Axes
  3744 | D:4      | Killed from afar by an orc priest

Illustrated notes

Levels and vault maps discovered:
D:1:      heliophobic_arrival_enchanted_forest, layout_basic, serial_forest,
          infiniplex_forest_end_3, infiniplex_forest_lined_room_3,
          infiniplex_forest_clump_diagonal, infiniplex_forest_straight_4,
          infiniplex_forest_clump_diagonal, infiniplex_forest_end_3,
          infiniplex_forest_straight_3
D:2:      minmay_chambers_of_ones, layout_loops_corners, basic_altar,
          uniq_sigmund
D:3:      layout_loops_ring, vehumet_crystals, nicolae_wu_jian_wuxing_cycle
D:4:      layout_rooms, mainiacjoe_overflow_paths, minmay_checkerbox
D:5:      layout_cave_pools, nicolae_overflow_hidden_temple,
          kennysheep_little_box, gammafunk_temple_overflow_arena, serial_glass,
          glass_columns_a, glass_columns_a, minmay_misc_feat_doors, uniq_pikel
D:6:      layout_basic, uniq_grinder
D:7:      layout_basic, mainiacjoe_overflow_tiny_flanked, lemuel_tele_altar,
          nemelex_dance_club_becter, temple_green, uniq_maggie

Skill      XL: |  1  2  3  4  5  6  7 |
---------------+----------------------+-----
Axes           | 2 3 4 5 |  5.1
Armour         | 3 4 |  4.5
Dodging        | 1 |  1.9
Shields        | 3 4 |  4.1
Throwing       | 1 |  1.9
Fighting       | 4 |  4.4
Stealth        | |  0.1

Action                     |  1- 3 |  4- 6 |  7- 9 || total
---------------------------+-------+-------+-------++-------
  Melee: War axe           |   121 |    91 |    90 ||   302
         Kick              |    41 |    23 |    26 ||    90
  Throw: Dart              |       |    21 |    27 ||    48
    Use: Potion            |     2 |       |       ||     2
         Scroll            |       |     5 |       ||     5
   Stab: Invisible         |       |     1 |     2 ||     3
 Armour: Scale mail        |    37 |    22 |    40 ||    99
         Ring mail         |       |       |     9 ||     9
  Dodge: Dodged            |    33 |    52 |    56 ||   141
  Block: Buckler           |     8 |    48 |   107 ||   163

Table legend: (Time is in decaauts)
 A = Elapsed time spent in this place.
 B = Non-inter-level travel time spent in this place.
 C = Inter-level travel time spent in this place.
 D = Time resting spent in this place.
 E = Time spent auto-exploring this place.
 F = Levels seen in this place.
 G = Mean time per level.
                   A        B        C        D        E       F      G
               +--------+--------+--------+--------+--------+-----+--------+
         Total |   3854 |   3743 |    111 |      0 |   2776 |   7 |  550.6 |
       Dungeon |   3854 |   3743 |    111 |      0 |   2776 |   7 |  550.6 |
               +--------+--------+--------+--------+--------+-----+--------+

Top non-repeatable levels by time:
     D:2: 1011 daAuts
     D:3: 908 daAuts
     D:1: 768 daAuts
     D:7: 465 daAuts
     D:4: 459 daAuts
     D:6: 210 daAuts
     D:5: 30 daAuts
